 Dungeon Crawl Stone Soup version 0.29.0-11-gd7f09526c8 (webtiles) character file.

Game seed: 16793408654050221610

28 gelatine the Stinger (level 2, 0/18 (19) HPs)
             Began as a Demonspawn Venom Mage on Sept 3, 2022.
             Was a Plaything of Xom.
             Killed by a magical explosion (11 damage)
             ... on level 1 of the Dungeon.
             The game lasted 00:02:43 (1640 turns).

gelatine the Stinger (Demonspawn Venom Mage)        Turns: 1640, Time: 00:02:44

HP:   0/18 (19)     AC:  2    Str:  8    XL:     2   Next: 96%
MP:   5/5           EV: 12    Int: 16    God:    Xom [..*...]
Gold: 74            SH:  0    Dex: 13    Spells: 5/6 levels left

rFire   . . .      SeeInvis .   c - +0 dagger
rCold   . . .      Faith    .   (no shield)
rNeg    . . .      Spirit   .   a - +0 robe
rPois   .          Reflect  .   (no helmet)
rElec   .          Harm     .   (no cloak)
rCorr   .          Rampage  .   (no gloves)
Will    .....      Rage     3%  (no boots)
Stlth   +.........              (no amulet)
HPRegen 0.06/turn               (no ring)
MPRegen 0.09/turn               (no ring)

@: contaminated, glowing, drained, unable to read
A: claws 1, berserk 1, inability to read after injury 1
a: Renounce Religion


You were on level 1 of the Dungeon.
You worshipped Xom.
You were a toy of Xom.
You visited 1 branch of the dungeon, and saw 1 of its levels.

You collected 74 gold pieces.

Inventory:

Hand Weapons
 c - a +0 dagger (weapon)
 f - a +0 short sword
Armour
 a - a +0 robe (worn)
Scrolls
 e - a scroll of teleportation {unknown}
Potions
 b - a potion of magic
 d - 3 potions of attraction {unknown}


   Skills:
 + Level 0.2 Short Blades
 + Level 1.8 Dodging
 + Level 1.7 Stealth
 + Level 2.5 Spellcasting
 + Level 0.9 Transmutations
 + Level 3.6 Poison Magic


You had 5 spell levels left.
You knew the following spells:

 Your Spells              Type           Power      Damage    Failure   Level
a - Sting                 Tmut/Pois      36%        1d4       8%          1

Your spell library contained the following spells:

 Spells                   Type           Power      Damage    Failure   Level
 Poisonous Vapours        Pois/Air       14%        N/A       14%         2
 Blink                    Tloc           4%         N/A       30%         2
 Mephitic Cloud           Conj/Pois/Air  5%         N/A       34%         3
 Olgreb's Toxic Radiance  Pois           13%        N/A       41%         4
 Summon Guardian Golem    Hex/Summ       2%         N/A       52%         3
 Manifold Assault         Tloc           2%         N/A       99%         5
 Orb of Destruction       Conj           1%         9d5       100%        7
 Spellforged Servitor     Conj/Summ      1%         N/A       100%        7
 Storm Form               Tmut/Air       1%         N/A       100%        7


Dungeon Overview and Level Annotations

Branches:
Dungeon (1/15)

Altars:
Xom


Innate Abilities, Weirdness & Mutations

You have sharp fingernails.
You sometimes lose your temper in combat.
You occasionally lose the ability to read scrolls when taking damage.


Message History

You now have 74 gold pieces (gained 11).
There is a stone staircase leading down here.
You see here a +1 mace of holy wrath. "This place needs a little more atmosphere."
Partly explored, can't reach some places.
Partly explored, can't reach some places.
Really walk into that cloud of mutagenic fog?
You are engulfed in mutagenic fog.
The mutagenic energy flows into you.
You are very lightly contaminated with residual magic.
You are engulfed in mutagenic fog.
The mutagenic energy flows into you.
You are engulfed in mutagenic fog.
The mutagenic energy flows into you.
You are lightly contaminated with residual magic.
Really walk into that cloud of mutagenic fog?
You are engulfed in mutagenic fog.
The mutagenic energy flows into you.
You are contaminated with residual magic.
Xom is amused.
You are engulfed in mutagenic fog.
The mutagenic energy flows into you.
You are engulfed in mutagenic fog.
The mutagenic energy flows into you.
You are engulfed in mutagenic fog.
The mutagenic energy flows into you.
Your body shudders with the violent release of wild energies!
The magical storm engulfs you! The acid corrodes you!
You feel a little pissed off.
Xom thinks this is hilarious!
You are engulfed in mutagenic fog.
The mutagenic energy flows into you.
Really walk into that cloud of mutagenic fog?
You are engulfed in mutagenic fog.
The mutagenic energy flows into you.
You are engulfed in mutagenic fog.
The mutagenic energy flows into you.
You are engulfed in mutagenic fog.
The mutagenic energy flows into you.
You are heavily infused with residual magic.
You feel less contaminated with magical energies.
Your body shudders with the violent release of wild energies!
You occasionally lose the ability to read scrolls when taking damage.
Xom thinks this is hilarious!
You are no longer corroded.
Your body shudders with the violent release of wild energies!
The magical storm engulfs you!
You feel drained.
You feel threatened and lose the ability to read scrolls!
Ouch! That really hurt!
You die...
Xom chortles!

≈≈≈§§≈≈##### #
§≈#≈≈§≈≈# #
≈§≈≈≈≈≈≈## #
≈≈≈≈≈≈### # ### ###
# #.# #.# # #.# #.#
## #.######.# #.
#..@.....##########.
######..............
#.############. #.#
#. #.# #. #.# ## #.#
# #.# # #.#########
#


There were no monsters in sight!

Vanquished Creatures
  2 ball pythons (D:1)
  3 bats (D:1)
  4 endoplasms (D:1)
  2 giant cockroaches (D:1)
  A goblin (D:1)
  2 hobgoblins (D:1)
  3 kobolds (D:1)
  4 quokkas (D:1)
  A frilled lizard (D:1)
  A rat (D:1)
23 creatures vanquished.

Notes
Turn   | Place    | Note
-------+----------+-------------------------------------------
     0 | D:1      | gelatine the Demonspawn Venom Mage began the quest for the
                  | Orb.
     0 | D:1      | Reached XP level 1. HP: 13/13 MP: 3/3
   149 | D:1      | Found a faded altar of an unknown god.
   172 | D:1      | Prayed at the altar of an unknown god.
   172 | D:1      | Became a worshipper of Xom of Chaos
   375 | D:1      | XOM: silly message
   433 | D:1      | Gained mutation: You have sharp fingernails. [demonic
                  | ancestry]
   433 | D:1      | Reached XP level 2. HP: 19/19 MP: 3/5
  1567 | D:1      | XOM: cloud trail
  1610 | D:1      | Gained mutation: You sometimes lose your temper in combat.
                  | [mutagenic glow]
  1620 | D:1      | Gained mutation: You occasionally lose the ability to read
                  | scrolls when taking damage. [mutagenic glow]
  1640 | D:1      | Killed by a magical explosion

Illustrated notes

Levels and vault maps discovered:
D:1:      lightli_molten_gateway, layout_loops_ring,
          dreamdust_ecumenical_altar_statues

Action                   || total
-------------------------++-------
Melee: Dagger            ||    27
       Unarmed           ||     1
 Cast: Sting             ||    41
Armor: Robe              ||    12
Dodge: Dodged            ||    40
